 Dungeon Crawl Stone Soup version 0.31-a0-229-g1fc7ce93e2 (webtiles) character file.

Game seed: 11917238754335402807

123 qw the Shooter (level 5, 0/30 HPs)
             Began as a Gargoyle Hexslinger on July 6, 2023.
             Slain by an orc
             ... wielding a +0 club
              (4 damage)
             ... on level 3 of the Dungeon.
             The game lasted 00:00:52 (1847 turns).

qw the Shooter (Gargoyle Hexslinger)                Turns: 1847, Time: 00:00:52

Health: 0/30       AC:  6    Str: 12    XL:     5   Next: 7%
Magic:  6/6        EV: 12    Int: 13    God:
Gold:   92         SH:  0    Dex: 14    Spells: 5/6 levels left

rFire   . . .        Y - +1 sling
rCold   . . .        (no shield)
rNeg    + . .        c - +0 robe
rPois   inf          (no helmet)
rElec   +            (no cloak)
rCorr   .            (no gloves)
SInv    .            (no boots)
Will    .....        (no amulet)
Stlth   +            (no ring)
HPRegen 0.25/turn    (no ring)
MPRegen 0.10/turn

%: no passive effects
@: no status effects
A: sickness immunity, AC +4, negative energy resistance 1, electricity
resistance, torment resistance 1, petrification resistance
a: no special abilities


You were on level 3 of the Dungeon.
You visited 1 branch of the dungeon, and saw 3 of its levels.

You collected 92 gold pieces.


Innate Abilities, Weirdness & Mutations

You are immune to sickness and miasma.
Your stone body is resilient. (AC +4)
You are immune to poison.
You resist negative energy. (rN+)
You are resistant to electric shocks. (rElec)
You are resistant to unholy torment.
You are immune to petrification.


   Skills:
 - Level 2.0 Fighting
 + Level 4.8 Ranged Weapons
 - Level 1.5 Dodging
 - Level 1.0 Spellcasting
 - Level 2.6 Hexes


You had 5 spell levels left.
You knew the following spells:

 Your Spells              Type           Power      Damage    Failure   Level
a - Slow                  Hex            28%        N/A       10%         1

Your spell library contained the following spells:

 Spells                   Type           Power      Damage    Failure   Level
 Inner Flame              Hex/Fire       4%         N/A       43%         3
 Portal Projectile        Hex/Tloc       8%         N/A       43%         3
 Cause Fear               Hex            3%         N/A       67%         4

Inventory:

Hand Weapons
 Y - a +1 sling (weapon)
Armour
 c - a +0 robe (worn)
Scrolls
 b - 2 scrolls of identify {unknown}
Potions
 a - a potion of brilliance {unknown}
 d - a potion of haste {unknown}
 f - 3 potions of curing
 g - a potion of attraction {unknown}

Dungeon Overview and Level Annotations

Branches:
Dungeon (3/15)

Altars:


Message History

An orc priest comes into view. It is wielding a +0 club.
Enter note:
Enter note:
Enter note: You shoot a sling bullet.
The sling bullet hits the orc priest but does no damage.
The orc priest shouts!
You hear a shout! x3
The orc priest looks encouraged for a moment.
You shoot a sling bullet. The sling bullet hits the orc priest.
The orc priest is moderately wounded.
An orc wizard comes into view. It is wielding a +0 dagger.
An orc comes into view. It is wielding a +0 club.
You shoot a sling bullet.
The sling bullet closely misses the orc wizard.
The sling bullet barely misses the orc.
You shoot a sling bullet.
The sling bullet barely misses the orc wizard.
You shoot a sling bullet.
The sling bullet hits the orc wizard but does no damage.
The orc wizard hits you with a +0 dagger.
You shoot a sling bullet.
The sling bullet closely misses the orc wizard.
The sling bullet barely misses the orc.
The orc priest mumbles some strange prayers to Beogh against you.
Beogh smites you!
You hear a shout! x2
You shoot a sling bullet. The sling bullet barely misses the orc.
The orc priest invokes the aid of Beogh against you.
Beogh smites you!
An orc wizard comes into view. It is wielding a +0 dagger.
1846 ||| Stepping ~*~*~tactically~*~*~ (outnumbered).
The orc attacks as you move away! The orc closely misses you.
The orc wizard attacks as you move away!
The orc wizard hits you with a +0 dagger.
You shoot a sling bullet. The sling bullet barely misses the orc.
The sling bullet hits the orc wizard.
The orc wizard is lightly wounded.
The orc hits you with a +0 club.
You die...

#)............
##...#...####
#.....###
###...# ##
#...### o
#.....#### .#
#.#.#....# #.#
#.#.####.####o.#
#.#.# #...@oo#
#.#.# ##>.####
#.# #.## #.# #.#
..# #.# #.# #.#
#.#


You could see an orc priest, an orc wizard and an orc.

Vanquished Creatures
  An orc wizard (D:3)
  4 adders
  A dart slug (D:2)
  6 orcs (D:3)
  7 bats
  3 endoplasms
  3 giant cockroaches (D:2)
  5 goblins
  4 hobgoblins
  2 quokkas
  7 ball pythons
  3 frilled lizards
  3 kobolds (D:1)
  4 rats
53 creatures vanquished.

Notes
Turn   | Place    | Note
-------+----------+-------------------------------------------
     0 | D:1      | qw the Gargoyle Hexslinger began the quest for the Orb.
     0 | D:1      | Reached XP level 1. HP: 12/12 MP: 2/2
     0 | D:1      | 0 ||| qw: Version: 0.3-a-46-gb1f654a
     0 | D:1      | 0 ||| qw: Game counter: 1146
     0 | D:1      | 0 ||| qw: Melee chars always use a shield: true
     0 | D:1      | 0 ||| qw: God list: Okawaru
     0 | D:1      | 0 ||| qw: Allow faded altars: false
     0 | D:1      | 0 ||| qw: Do Orc after clearing Dungeon:15 true
     0 | D:1      | 0 ||| qw: Do second Lair branch before Depths: true
     0 | D:1      | 0 ||| qw: Lair rune preference: random
     0 | D:1      | 0 ||| qw: Goals: Normal
     0 | D:1      | 0 ||| PLANNING D:1-11
   183 | D:1      | Reached XP level 2. HP: 15/16 MP: 3/3
   267 | D:1      | Reached skill level 3 in Ranged Weapons
   490 | D:1      | Reached XP level 3. HP: 21/21 MP: 4/4
   779 | D:1      | 779 ||| READING scroll labelled ISHRU KI GAOPH.
   780 | D:1      | 780 ||| READING 2 scrolls labelled BESHRI REELAKI.
   781 | D:1      | 781 ||| DRINKING 2 coppery potions.
   782 | D:1      | 782 ||| DROPPING scroll of poison.
   783 | D:1      | 783 ||| DROPPING scroll of immolation.
  1305 | D:2      | Identified the +6 spear of Defiance {antimagic, Drain rPois
                  | Dex+8}
  1359 | D:2      | Reached XP level 4. HP: 22/26 MP: 5/5
  1545 | D:2      | 1545 ||| READING scroll labelled UTTOSU HUODEA.
  1546 | D:2      | 1546 ||| READING scroll labelled KUNYAV PEUL.
  1547 | D:2      | 1547 ||| READING scroll labelled IFUQAG QUOVUIPN.
  1548 | D:2      | 1548 ||| READING scroll labelled DOSOSK LUFE.
  1564 | D:3      | Reached skill level 4 in Ranged Weapons
  1766 | D:3      | Reached XP level 5. HP: 17/30 MP: 6/6
  1845 | D:3      | HP: 6/30 [orc priest/divine providence (12)]
  1846 | D:3      | 1846 ||| Stepping ~*~*~tactically~*~*~ (outnumbered).
  1847 | D:3      | Slain by an orc

Levels and vault maps discovered:
D:1:      sevenhm_arrival_forest_fort_small_5, layout_basic,
          minmay_misc_feat_chi, minmay_tall_x
D:2:      layout_basic
D:3:      layout_basic, hangedman_feature_mirror, minmay_misc_feat_pillars

Skill      XL: |  1  2  3  4 |
---------------+-------------+-----
Ranged Weapons | 3 4 |  4.8
Fighting       | 2 |  2.0
Dodging        | |  1.5
Spellcasting   | |  1.0
Hexes          | |  2.6

Action                     |  1- 3 |  4- 6 || total
---------------------------+-------+-------++-------
   Fire: Sling             |   160 |    76 ||   236
    Use: Scroll            |     2 |     4 ||     6
         Potion            |     1 |       ||     1
 Armour: Robe              |    39 |    23 ||    62
  Dodge: Dodged            |    73 |    27 ||   100

Table legend:
 A = Non-vault XP
 B = Vault XP
 C = Vault XP percentage of total XP
 D = Non-vault monster count
 E = Vault monster count
 F = Vault count percentage of total count
                 A         B        C        D         E       F
            +---------+---------+-------+---------+---------+-------
      Total |     170 |       7 |   4.0 |      49 |       4 |   7.5
            +---------+---------+-------+---------+---------+-------
        D:1 |      31 |       7 |  18.4 |      21 |       4 |  16.0
        D:2 |      53 |       0 |   0.0 |      16 |       0 |   0.0
        D:3 |      86 |       0 |   0.0 |      12 |       0 |   0.0
            +---------+---------+-------+---------+---------+-------
